 Dungeon Crawl Stone Soup version 0.31.0-1-g2c135a008e (webtiles) character file.

Game seed: 10852132090603933814

320 Colgate the Trooper (level 6, 0/41 HPs)
             Began as a Tengu Wanderer on Jan 20, 2024.
             Was a Follower of Lugonu.
             Slain by a crocodile (9 damage)
             ... in a sewer.
             The game lasted 00:11:46 (2268 turns).

Colgate the Trooper (Tengu Wanderer)                Turns: 2268, Time: 00:11:47

Health: 0/41       AC:  7    Str: 11    XL:     6   Next: 46%
Magic:  8/8        EV:  9    Int: 14    God:    Lugonu [*.....]
Gold:   19         SH:  4    Dex: 15    Spells: 6/7 levels left

rFire   . . .        a - +2 spear
rCold   . . .        g - +0 buckler
rNeg    . . .        i - +2 ring mail
rPois   .            (helmet restricted)
rElec   .            (no cloak)
rCorr   .            (no gloves)
SInv    .            (boots unavailable)
Will    .....        (no amulet)
Stlth   +            (no ring)
HPRegen 0.26/turn    (no ring)
MPRegen 0.11/turn

%: acrobat
@: weak-willed, attractive
A: beak, talons 3, acrobatic
a: Renounce Religion, Depart the Abyss


You were in a sewer.
You worshipped Lugonu.
Lugonu was aware of your devotion.
You visited 1 branch of the dungeon, and saw 3 of its levels.
You also visited: Sewer.

You collected 163 gold pieces.
You spent 144 gold pieces at shops.

Inventory:

Hand Weapons
 a - a +2 spear (weapon)
 c - a +0 dagger
Missiles
 b - 5 poisoned darts (quivered)
 j - 2 throwing nets {!f}
Armour
 g - a +0 buckler (worn)
 i - a +2 ring mail (worn)
Scrolls
 l - a scroll of teleportation {@r3}
 m - a scroll of vulnerability
Potions
 h - a potion of attraction


   Skills:
 + Level 6.2 Fighting
 - Level 5.4 Polearms
 - Level 1.0 Throwing
 - Level 1.0 Spellcasting
 - Level 2.4 Summonings
 - Level 1.0 Evocations


You had 6 spell levels left.
You knew the following spells:

 Your Spells              Type           Power      Damage    Failure   Level
a - Summon Small Mammal   Summ           28%        N/A       34%         1

Your spell library contained the following spells:

 Spells                   Type           Power      Damage    Failure   Level
 Call Canine Familiar     Summ           7%         N/A       71%         3


Dungeon Overview and Level Annotations

Branches:
Dungeon (3/15)              Sewer (1/1)

Altars:
Lugonu

Shops:
D:1 *   D:3 ?


Innate Abilities, Weirdness & Mutations

You have a beak for a mouth.
You have claws for feet.
You can magically evade attacks while moving or waiting.


Message History

Blink to where?
Press: ? - help, Dir - move target
As you read the scroll of blinking {@r4}, it crumbles to dust.
It was a potion of attraction.
You feel attractive to monsters.
The crocodile hisses menacingly.
The crocodile is attracted toward you.
It was a potion of magic.
Magic courses through your body. The crocodile is attracted toward you.
Okay, then.
As you read the scroll of fear, it crumbles to dust.
You assume a fearsome visage.
The crocodile looks frightened!
The crocodile is attracted toward you.
The air fills with toxic fumes!
As you read the scroll labelled NOZUCESKYI, it crumbles to dust.
It was a scroll of poison.
The crocodile looks more healthy.
The crocodile is attracted toward you.
As you read the scroll labelled IXITHRI CAABA, it crumbles to dust.
It is a scroll of identify.
l - a scroll of teleportation The crocodile is attracted toward you.
Okay, then.
Okay, then.
Okay, then.
You catch the helpless crocodile completely off-guard!
You hit the crocodile but do no damage.
Your attack snaps the crocodile out of its fear.
You claw the crocodile. You peck the crocodile.
The crocodile barely misses you.
You hit the crocodile.
The crocodile bites you but does no damage.
You hit the crocodile but do no damage. Your kick misses the crocodile.
The crocodile bites you but does no damage.
You hit the crocodile but do no damage. Your kick misses the crocodile.
The crocodile barely misses you.
You miss the crocodile.
You claw the crocodile, but do no damage.
You peck the crocodile, but do no damage.
The crocodile bites you!
You die...

### ###### #.#
##.....## #.#
#......$#
########☼####§....$?#
#☼§§§§@l.☼§§§☼..(.$/#
########§####§....$!#
#.# #......$# #.#
##.....## #.# ######
#.# #.# ##.## ##...##


You could see a crocodile (weak-willed).

Vanquished Creatures
  Sigmund (D:2)
  A brain worm (Sewer)
  4 gnolls (D:3)
  An adder (D:2)
  A ribbon worm (D:3)
  3 endoplasms (D:1)
  A giant cockroach (D:2)
  2 goblins
  3 hobgoblins
  4 jackals (D:1)
  4 ball pythons
  7 bats
  A frilled lizard (D:1)
  2 kobolds (D:1)
  5 rats (D:3)
40 creatures vanquished.

Vanquished Creatures (collateral kills)
  A dart slug (D:1)
  A hobgoblin (D:1)
  A rat (D:1)
3 creatures vanquished.

Grand Total: 43 creatures vanquished

Notes
Turn   | Place    | Note
-------+----------+-------------------------------------------
     0 | D:1      | Colgate the Tengu Wanderer began the quest for the Orb.
     0 | D:1      | Colgate set off with the following items: a +2 spear, 9
                  | poisoned darts, a +0 dagger, a scroll of blinking {@r4}, a
                  | +0 robe; and the following spell memorised: Summon Small
                  | Mammal; and the following spells available to memorise:
                  | Call Canine Familiar.
     0 | D:1      | Reached XP level 1. HP: 10/10 MP: 3/3
   121 | D:1      | Reached skill level 1 in Fighting
   347 | D:1      | Reached XP level 2. HP: 12/16 MP: 0/4
   399 | D:1      | Reached skill level 2 in Fighting
   506 | D:1      | Found a faded altar of an unknown god.
   514 | D:1      | Prayed at the altar of an unknown god.
   514 | D:1      | Became a worshipper of Lugonu the Unformed
   514 | D:1      | Reached * piety under Lugonu
  1106 | D:1      | Found Soihap's General Store.
  1110 | D:1      | Bought a potion of invisibility for 96 gold pieces
  1246 | D:2      | Noticed Sigmund
  1280 | D:2      | Killed Sigmund
  1281 | D:2      | Reached skill level 5 in Fighting
  1281 | D:2      | Reached XP level 3. HP: 21/26 MP: 5/5
  1281 | D:2      | Reached XP level 4. HP: 26/31 MP: 6/6
  1281 | D:2      | Reached XP level 5. HP: 29/35 MP: 7/7
  1865 | D:3      | Reached XP level 6. HP: 39/40 MP: 8/8
  1965 | D:1      | Bought a scroll of fear for 48 gold pieces
  2103 | D:3      | Found Naeduit's Magic Scroll Shop.
  2153 | D:3      | Found a glowing drain.
  2184 | Sewer    | Entered a sewer
  2212 | Sewer    | Reached skill level 6 in Fighting
  2268 | Sewer    | Slain by a crocodile

Illustrated notes

Levels and vault maps discovered:
D:1:      psy_arrival_terrarium, layout_basic, serial_shops, shop,
          shapermc_ecumenical_altar_totnotflames
D:2:      layout_basic, uniq_sigmund
D:3:      layout_loops_ring, cheibrodos_sewer_entry_bend, serial_shops,
          nicolae_lakefront_shop
Sewer:    sewer_big_baddie

Skill      XL: |  1  2  3  4  5  6 |
---------------+-------------------+-----
Fighting       | 1 5 6 |  6.2
Polearms       | |  5.4
Throwing       | |  1.0
Spellcasting   | |  1.0
Summonings     | |  2.4
Evocations     | |  1.0

Action                     |  1- 3 |  4- 6 || total
---------------------------+-------+-------++-------
  Melee: Spear             |    46 |    68 ||   114
         Peck              |     3 |     8 ||    11
         Kick              |     7 |    18 ||    25
  Throw: Dart              |     3 |     7 ||    10
   Cast: Summon Small Mamm |    19 |       ||    19
    Use: Potion            |     1 |     2 ||     3
         Scroll            |       |     9 ||     9
   Stab: Sleeping          |     1 |       ||     1
         Fleeing           |       |     1 ||     1
 Armour: Robe              |    11 |       ||    11
         Ring mail         |     4 |    23 ||    27
  Dodge: Dodged            |    24 |    19 ||    43
  Block: Buckler           |     2 |     4 ||     6
